 Dungeon Crawl Stone Soup version 0.19-a0-854-gc78d25d (webtiles) character file.

7503 Implojin the Fighter (level 10, 0/99 HPs)
             Began as a Minotaur Fighter on July 2, 2016.
             Was a Believer of Makhleb.
             Slain by a wizard
             ... wielding a +1 dagger of holy wrath
              (1 damage)
             ... on level 13 of the Dungeon.
             The game lasted 00:14:40 (2494 turns).

Implojin the Fighter (Minotaur Fighter)             Turns: 2494, Time: 00:14:41

Health: 0/99       AC: 11    Str: 24    XL:     10   Next: 95%
Magic:  0/9        EV: 10    Int:  5    God:    Makhleb [**....]
Gold:   177        SH: 13    Dex: 13    Spells: 0 memorised, 9 levels left

rFire  . . .     SeeInvis .     a - +2 war axe
rCold  + . .     Gourm    .     n - +0 mottled dragon armour
rNeg   . . .     Faith    .     c - +0 shield
rPois  .         Spirit   +     (helmet restricted)
rElec  .         Dismiss  .     x - +0 cloak
rCorr  .         Reflect  .     l - +0 pair of gloves
SustAt .         Harm     .     (no boots)
MR     +....                    o - amulet of guardian spirit
Stlth  ++........               q - +2 ring of protection
                                G - ring of the Present {*Drain rC+ MR+ Str+3 Stlth+}

@: somewhat resistant to hostile enchantments, unstealthy
A: retaliatory headbutt, horns 2
a: Minor Destruction, Renounce Religion


You were on level 13 of the Dungeon.
You worshipped Makhleb.
Makhleb was pleased with you.
You were not hungry.

You visited 2 branches of the dungeon, and saw 14 of its levels.
You also visited: Ossuary.

You collected 177 gold pieces.

Inventory:

Hand Weapons
 a - a +2 war axe (weapon)
 s - a +1 scimitar of flaming
Missiles
 v - 2 javelins (quivered)
 K - 7 steel javelins
Armour
 b - a +0 scale mail
 c - a +0 shield (worn)
 e - a +0 plate armour
 l - a +0 pair of gloves (worn)
 n - a +0 mottled dragon armour (worn)
 x - a +0 cloak (worn)
Magical Staves
 r - an uncursed staff of earth {unknown}
Jewellery
 j - an uncursed ring of see invisible
 m - an uncursed ring of flight
 o - an amulet of guardian spirit (around neck)
 q - a +2 ring of protection (right hand)
 F - an uncursed ring of flight
 G - the ring of the Present (left hand) {*Drain rC+ MR+ Str+3 Stlth+}
   (You found it in an ossuary)

   [ring of protection from cold]

   It affects your strength (+3).
   It protects you from cold.
   It affects your resistance to hostile enchantments.
   It causes draining when unequipped.
   It makes you more stealthy.
Wands
 w - a wand of flame (48/48)
 E - a wand of iceblast (7/15)
Scrolls
 h - 2 scrolls of remove curse
 t - a scroll of magic mapping
 D - a scroll of summoning {unknown}
 I - 2 scrolls of random uselessness {unknown}
Potions
 d - a potion of cancellation
 g - a potion of brilliance
 i - 2 potions of curing
 p - a potion of magic
 z - a potion of beneficial mutation {unknown}
 A - a potion of flight {unknown}
 B - a potion of agility {unknown}
 C - a potion of berserk rage {unknown}
 L - a potion of resistance {unknown}
Books
 M - a book of the Earth

   Spells                             Type                      Level
   a - Leda's Liquefaction            Hexes/Earth                  4
   b - Bolt of Magma                  Conjuration/Fire/Earth       5
   c - Statue Form                    Transmutation/Earth          6
   d - Iron Shot                      Conjuration/Earth            6
   e - Shatter                        Earth                        9
Comestibles
 f - 2 bread rations
 k - a meat ration
 u - 3 slices of pizza
 H - 2 chunks of flesh


   Skills:
 - Level 12.3 Fighting
 - Level 12.1 Axes
 - Level 3.6 Armour
 * Level 11.2 Shields


You had 9 spell levels left.
You didn't know any spells.

Dungeon Overview and Level Annotations

Branches:
Dungeon (13/15)            Temple (1/1) D:7
   Lair: D:8-11         Orc: D:9-12      Vaults: D:13-14

Altars:
Ashenzari
Cheibriados
Dithmenos
Elyvilon
Fedhas
Gozag
Hepliaklqana
Kikubaaqudgha
Makhleb
Pakellas
Qazlal
Ru
Uskayaw
Vehumet
Yredelemnul
Zin
The Shining One

Annotations:
D:12 Misericorde's ghost, journeyman MiGl


Innate Abilities, Weirdness & Mutations

You reflexively headbutt those who attack you in melee.
You have a pair of horns on your head.


Message History

* * * LOW HITPOINT WARNING * * *
You slice the wizard!!
The wizard is heavily wounded.
You closely miss the spectral human.
You hear a shout!
You block the orc warrior's attack.
The wizard gestures at you while chanting.
The stone arrow misses you.
You hear a shout!
Okay, then.
You completely miss the wizard.
The wizard is heavily wounded.
You barely miss the spectral human. The spectral human closely misses you.
You furiously retaliate!
You headbutt the spectral human, but do no damage.
The vault guard hits you from afar with a bardiche.
* * * LOW HITPOINT WARNING * * *
The wizard barely misses you.
The orc warrior hits you from afar with a trident!
* * * LOW HITPOINT WARNING * * *
Unknown command.
Okay, then.
You closely miss the wizard.
The wizard is heavily wounded.
You slash the spectral human! You block the spectral human's attack.
You block the wizard's attack. The orc warrior barely misses you.
The vault guard hits you from afar with a bardiche!
* * * LOW HITPOINT WARNING * * *
Unknown command.
You miss the wizard. You headbutt the wizard!
The wizard is almost dead.
You hit the spectral human. You block the spectral human's attack.
The wizard hits you but does no damage. You block the orc warrior's attack.
You hit the wizard. Your headbutt misses the wizard.
The wizard is almost dead.
You slash the spectral human! The spectral human closely misses you.
You furiously retaliate!
You headbutt the spectral human!! You block the vault guard's attack.
The wizard hits you with a dagger of holy wrath.
You die...

[(# .?# ⌠..# ...#.#
p...#.#
########po'##.#
#...Z@#..../#.# #
#...†)pp....#.#
..#..⌠..'o.⌠.$#.#
###.#.....'....(#.#
#...#.....#...(?#.#
#...##'†'########.#
#.................##
#........#...).....#
#........#.........#


You could see a vault guard, a spectral human, a wizard and an orc warrior.

Vanquished Creatures
  Erica (D:9)
  A wizard (D:13)
  An unseen horror (D:10)
  2 hill giants (D:10)
  A necromancer (D:13)
  A troll (D:10)
  A two-headed ogre (D:8)
  15 humans (D:13)
  A mottled dragon (D:11)
  An eye of draining (D:10)
  A phantom (D:9)
  An ogre (D:7)
  A black bear (D:9)
  2 big kobolds
  2 giant frogs
  8 scorpions (Ossuary)
  3 howler monkeys (D:7)
  A crimson imp (D:12)
  5 centaur zombies (Ossuary)
  A giant frog zombie (D:7)
  A hound (D:9)
  A jelly (D:7)
  2 orc priests
  3 orc wizards
  A centaur skeleton (D:10)
  2 human zombies (Ossuary)
  An iguana (D:13)
  3 worker ants
  A hound zombie (D:6)
  3 mummies (Ossuary)
  3 scorpion zombies (Ossuary)
  5 adders
  A shadow imp (D:9)
  2 worms
  2 giant geckos (D:1)
  14 orcs
  2 giant cockroaches
  4 hobgoblins
  4 jackals (D:5)
  11 kobolds
  4 quokkas
  A ball python (D:3)
  4 bats
  A giant gecko skeleton (D:8)
  2 giant newts
  5 goblins
  A goblin zombie (Ossuary)
  A kobold zombie (Ossuary)
  3 orc zombies (Ossuary)
  2 rats (D:1)
140 creatures vanquished.

Notes
Turn   | Place    | Note
-------+----------+-------------------------------------------
     0 | D:1      | Implojin the Minotaur Fighter began the quest for the Orb.
     0 | D:1      | Reached XP level 1. HP: 19/19 MP: 0/0
    54 | D:1      | Reached skill level 3 in Axes
    74 | D:1      | Reached XP level 2. HP: 26/26 MP: 1/1
   132 | D:2      | Reached skill level 4 in Axes
   188 | D:2      | Reached XP level 3. HP: 29/31 MP: 2/2
   260 | D:3      | Found a stormy altar of Qazlal.
   302 | D:3      | Reached skill level 5 in Axes
   309 | D:3      | You fall through a shaft!
   337 | D:3      | Reached XP level 4. HP: 18/39 MP: 3/3
   400 | D:4      | Found a shadowy altar of Dithmenos.
   409 | D:5      | Entered Level 5 of the Dungeon
   555 | D:6      | Reached skill level 6 in Axes
   566 | D:7      | Reached XP level 5. HP: 36/45 MP: 4/4
   568 | D:7      | Reached skill level 7 in Axes
   606 | D:6      | Reached XP level 6. HP: 33/51 MP: 5/5
   720 | D:6      | Found a sand-covered staircase.
   735 | Ossuary  | Entered an ossuary
   748 | Ossuary  | Reached skill level 8 in Axes
   802 | Ossuary  | Reached skill level 9 in Axes
   815 | Ossuary  | Reached XP level 7. HP: 29/57 MP: 6/6
   900 | Ossuary  | Reached skill level 10 in Axes
  1043 | Ossuary  | Reached skill level 11 in Axes
  1051 | Ossuary  | Got a scintillating golden ring
  1125 | D:6      | Identified the ring of the Present {*Drain rC+ MR+ Str+3 Stlth+} (You found it in an ossuary)
  1223 | D:7      | Reached XP level 8. HP: 49/64 MP: 7/7
  1316 | D:8      | Noticed a two-headed ogre
  1322 | D:8      | Killed a two-headed ogre
  1357 | D:7      | Reached skill level 12 in Axes
  1510 | D:7      | Found a staircase to the Ecumenical Temple.
  1519 | Temple   | Entered the Ecumenical Temple
  1553 | Temple   | Became a worshipper of Makhleb the Destroyer
  1613 | D:8      | Reached skill level 4 in Fighting
  1635 | D:9      | Reached skill level 5 in Fighting
  1752 | D:9      | Reached skill level 6 in Fighting
  1785 | D:9      | Noticed Erica
  1805 | D:9      | Killed Erica
  1805 | D:9      | Reached skill level 9 in Fighting
  1805 | D:9      | Reached XP level 9. HP: 56/83 MP: 8/8
  1862 | D:10     | Entered Level 10 of the Dungeon
  1862 | D:10     | Noticed a hill giant
  1873 | D:10     | Killed a hill giant
  1873 | D:10     | Reached * piety under Makhleb
  1873 | D:10     | Reached skill level 10 in Fighting
  1875 | D:10     | Noticed a hill giant
  1884 | D:10     | Killed a hill giant
  1884 | D:10     | Reached skill level 11 in Fighting
  1944 | D:10     | HP: 2/89 [something (4)]
  1947 | D:10     | Killed an unseen horror
  1947 | D:10     | Reached skill level 12 in Fighting
  2002 | D:9      | Reached XP level 10. HP: 25/99 MP: 5/9
  2032 | D:10     | Reached skill level 4 in Shields
  2115 | D:10     | Noticed a hill giant
  2161 | D:11     | Reached skill level 5 in Shields
  2164 | D:11     | HP: 1/99 [burnt (7)]
  2344 | D:12     | Noticed Misericorde's ghost (journeyman MiGl)
  2374 | D:13     | Reached skill level 6 in Shields
  2380 | D:13     | Reached skill level 7 in Shields
  2433 | D:13     | Noticed a wizard
  2446 | D:13     | Reached skill level 8 in Shields
  2452 | D:13     | Reached ** piety under Makhleb
  2454 | D:13     | Reached skill level 9 in Shields
  2463 | D:13     | Noticed a necromancer
  2470 | D:13     | Noticed a wizard
  2471 | D:13     | Noticed a vault guard
  2472 | D:13     | Killed a necromancer
  2472 | D:13     | Reached skill level 10 in Shields
  2488 | D:13     | Killed a wizard
  2488 | D:13     | Reached skill level 11 in Shields
  2492 | D:13     | HP: 1/99 [vault guard/bardiche (9)]
  2494 | D:13     | Slain by a wizard

Vault maps used:
D:1:      scummos_arrival_star, serial_forest, infiniplex_forest_straight_1,
          infiniplex_forest_zigzag_2, infiniplex_forest_end_3,
          infiniplex_forest_straight_5
D:2:      uniq_crazy_yiuf_cottage
D:3:      xom_redecorated, overflow_temple_1_default, first_bread,
          serial_bayou_pond_a
D:4:      nemelex_xobeh_ov_fountains_minmay, portal_sewer_entry_c,
          grunt_dithmenos_smoke_and_mirrors
D:5:      nicolae_overflow_crystal_walls, nicolae_overflow_hidden_temple,
          interstate_on_off, guppyfry_early_orc_mine
D:6:      lemuel_blue_sif_altar, basic_altar, enter_ossuary_2, minmay_ruffians
D:7:      uniq_pikel
D:8:      uniq_psyche
D:9:      lair_0_dummy, uniq_erica
D:11:     grunt_pizzeria
D:12:     orc_0_dummy, wad_floor_pattern_2, minmay_stone_trees_medium,
          lemuel_nasty_fountain
D:13:     grunt_vaults_entry_tiered
Temple:   lightli_temple_of_artemis
Ossuary:  ossuary_minmay_scorpions

Skill      XL: |  1  2  3  4  5  6  7  8  9 10 |
---------------+-------------------------------+-----
Axes           | 3 4 5 6 7 9 11 12 | 12.1
Fighting       | 9 12 | 12.3
Shields        | 11 | 11.2
Armour         | |  3.6

Action                   |  1- 3 |  4- 6 |  7- 9 | 10-12 || total
-------------------------+-------+-------+-------+-------++-------
Melee: War axe           |    72 |   105 |   187 |   101 ||   465
       Headbutt          |     9 |    23 |    39 |    21 ||    92
  Use: Potion            |       |       |     6 |     3 ||     9
       Scroll            |       |       |     3 |    10 ||    13
  Eat: Meat ration       |       |       |     1 |       ||     1
       Chunk             |       |       |       |     1 ||     1
Armor: Plate armour      |    82 |    61 |   100 |    12 ||   255
       Skin              |       |       |     3 |     7 ||    10
       Mottled dragon ar |       |       |       |    46 ||    46
Dodge: Dodged            |    13 |    16 |    26 |    29 ||    84
Block: Shield            |    60 |    43 |    69 |    70 ||   242

Table legend:
 A = Turns spent in this place as a percentage of turns spent in the entire game.
 B = Non-inter-level travel turns spent in this place as a percentage of non-inter-level travel turns spent in the entire game.
 C = Inter-level travel turns spent in this place as a percentage of turns spent in this place.
 D = Turns resting spent in this place as a percentage of non-inter-level travel turns spent in this place.
 E = Turns spent auto-exploring this place as a percentage of non-inter-level travel turns spent in this place.
 F = Non-inter-level travel turns spent in this place divided by the number of levels of this place that you've seen.
                   A       B       C       D       E      F
               +-------+-------+-------+-------+-------+----------------------
         Total | 100.0 | 100.0 |   0.0 |   0.4 |   0.0 | 160.1
       Dungeon |  83.0 |  83.0 |   0.0 |   0.4 |   0.0 | 153.4
        Temple |   2.3 |   2.3 |   0.0 |   0.0 |   0.0 |  55.0
       Ossuary |  14.7 |  14.7 |   0.0 |   0.6 |   0.0 | 353.0
               +-------+-------+-------+-------+-------+----------------------

Table legend:
 A = Kills in this place as a percentage of kills in entire the game.
 B = Kills by you in this place as a percentage of kills by you in the entire game.
 C = Kills by friends in this place as a percentage of kills by friends in the entire game.
 D = Other kills in this place as a percentage of other kills in the entire game.
 E = Experience gained in this place as a percentage of experience gained in the entire game.
 F = Experience gained in this place divided by the number of levels of this place that you have seen.
                   A       B       C       D       E      F
               +-------+-------+-------+-------+-------+----------------------
         Total | 100.0 | 100.0 |  -nan |  -nan | 100.0 | 714.6
       Dungeon |  81.4 |  81.4 |  -nan |  -nan |  91.3 | 752.7
       Ossuary |  18.6 |  18.6 |  -nan |  -nan |   8.7 | 934.0
               +-------+-------+-------+-------+-------+----------------------
